 Dungeon Crawl Stone Soup version 0.32-a0-422-g28b100f618 (webtiles) character file.

Game seed: 10111317411053476768

198 FireLeaper the Shooter (level 5, -2/41 HPs)
             Began as a Coglin Hunter on Feb 21, 2024.
             Slain by an orc wizard
             ... wielding a +2 dagger of venom
              (3 damage)
             ... on level 3 of the Dungeon.
             The game lasted 00:03:44 (1900 turns).

FireLeaper the Shooter (Coglin Hunter)              Turns: 1900, Time: 00:03:45

Health: -2/41      AC:  3    Str: 12    XL:     5   Next: 77%
Magic:  5/5        EV: 12    Int:  8    God:
Gold:   109        SH:  0    Dex: 19    Spells: 4/4 levels left

rFire   . . .        a - +0 shortbow {Hidetaka}
rCold   . . .        (shield currently unavailable)
rNeg    . . .        c - +0 leather armour
rPois   .            (no helmet)
rElec   .            (no cloak)
rCorr   +            (no gloves)
SInv    .            (no boots)
Will    .....        (no amulet)
Stlth   ++           h - ring of resist corrosion
HPRegen 0.26/turn    (no ring)
MPRegen 0.09/turn

%: no passive effects
@: brilliant, lethally poisoned (-2 -> -10), revving
A: off-hand wielding, slow wielding, warmup strikes, legs shutdown
a: no special abilities


You were on level 3 of the Dungeon.
You visited 1 branch of the dungeon, and saw 3 of its levels.

You collected 109 gold pieces.

Inventory:

Hand Weapons
 a - a +0 shortbow (weapon) {Hidetaka}
Armour
 c - a +0 leather armour (worn)
Jewellery
 h - a ring of resist corrosion (left grasper)
Wands
 o - a wand of flame (8)
Scrolls
 b - a scroll of butterflies
 d - a scroll of fog {unknown}
 e - 3 scrolls of identify {unknown}
 j - a scroll of poison {unknown}
 k - a scroll of vulnerability {unknown}
 n - a scroll of teleportation {unknown}
Potions
 f - a potion of brilliance
 g - a potion of mutation {unknown}
 l - a potion of attraction {unknown}
 m - a potion of cancellation {unknown}


   Skills:
 + Level 3.0 Fighting
 * Level 4.8 Ranged Weapons
 + Level 2.0 Armour
 + Level 2.7 Dodging
 - Level 0.7 Stealth


You had 4 spell levels left.
You didn't know any spells.
Your spell library contained the following spells:

 Spells                   Type           Power      Damage    Failure   Level
 Ensorcelled Hibernation  Hex/Ice        0%         N/A       63%         2
 Passwall                 Erth           0%         N/A       86%         3
 Swiftness                Air            0%         N/A       86%         3


Dungeon Overview and Level Annotations

Branches:
Dungeon (3/15)

Altars:


Innate Abilities, Weirdness & Mutations

You can wield a second weapon in your off-hand.
It takes a long time for you to wield or remove held weapons.
Your first few attacks do less damage.
Attacking and casting redirects power from your legs.


Message History

The orc wizard is almost dead.
You feel sick. The orc wizard misses you.
The orc wizard gestures at you while chanting.
You resist with some effort.
Unknown command.
You feel better.
You hear the brisk rusting of a drain very nearby.
You are no longer unable to travel.
The orc wizard mumbles some strange words.
The orc wizard flickers and vanishes!
Deactivating autopickup; reactivate with Ctrl-A.
You hear an angry hiss.
Unknown command.
You shoot an arrow. Something hits you.
You are poisoned.
You shoot an arrow.
You feel very sick.
You hear some strange, mumbled words.
You are confused.
You shoot an arrow.
You feel sick. Something hits you.
* * * LOW HITPOINT WARNING * * *
You hear some strange, mumbled words.
A magic dart appears from out of thin air!
The magic dart hits you.
* * * LOW HITPOINT WARNING * * *
Unknown command.
You feel better.
You are no longer unable to travel.
The adder misses you. Something hits you.
* * * LOW HITPOINT WARNING * * *
You are lethally poisoned!
Unknown command.
It was a potion of brilliance.
You feel clever all of a sudden.
* * * LOW HITPOINT WARNING * * *
You feel very sick. The adder bites you.
* * * LOW HITPOINT WARNING * * *
Something hits you.
You die...

.#........####........######
####....># #..........#.#####
#...o.####................#
#............##.......###.###
####.........####.....##.....
..............+.####.......###
........†.....#'##.....#.....#
.....................).)......#
.#........##.S@{...[....#<#.#..
#......................#####..
#.......##.#..................
#.......##.#..........#######.
....... ..#..........# #.....
...###..............# #.####
#.....(........# .....#######..
###


You could see an adder.

Vanquished Creatures
  A jelly (D:3)
  An orc wizard (D:2)
  2 adders (D:2)
  3 dart slugs
  2 ribbon worms (D:2)
  8 orcs
  3 endoplasms
  3 goblins
  7 hobgoblins
  4 jackals
  3 quokkas (D:2)
  6 ball pythons
  8 bats
  2 frilled lizards (D:2)
  5 kobolds
  5 rats
63 creatures vanquished.

Notes
Turn   | Place    | Note
-------+----------+-------------------------------------------
     0 | D:1      | FireLeaper the Coglin Hunter began the quest for the Orb.
     0 | D:1      | Reached XP level 1. HP: 16/16 MP: 1/1
    88 | D:1      | Reached XP level 2. HP: 21/22 MP: 2/2
   138 | D:1      | Reached XP level 3. HP: 22/27 MP: 3/3
   140 | D:1      | Reached skill level 4 in Ranged Weapons
   291 | D:1      | Reached skill level 1 in Armour
   415 | D:1      | You fall into a shaft and drop 1 floor!
   780 | D:2      | Reached XP level 4. HP: 33/34 MP: 4/4
  1513 | D:2      | Reached XP level 5. HP: 39/39 MP: 5/5
  1898 | D:3      | HP: 2/41 [something/magic dart (5)]
  1900 | D:3      | Slain by an orc wizard

Illustrated notes

Levels and vault maps discovered:
D:1:      dpeg_arrival_signposts, layout_rooms, serial_glass, glass_columns_a,
          glass_columns_c, glass_columns_b
D:2:      minmay_inner_zag, layout_loops_cross, corexii_shack
D:3:      layout_basic, portal_sewer_entry_d, chequers_avenue,
          patterned_corridor, uniq_grinder

Skill      XL: |  1  2  3  4  5 |
---------------+----------------+-----
Dodging        | 2 |  2.7
Ranged Weapons | 4 |  4.8
Armour         | 1 2 |  2.0
Fighting       | 3 |  3.0
Stealth        | |  0.7

Action                     |  1- 3 |  4- 6 || total
---------------------------+-------+-------++-------
  Melee: Shortbow          |       |     1 ||     1
   Fire: Shortbow          |   107 |   145 ||   252
    Use: Potion            |       |     4 ||     4
         Scroll            |       |     1 ||     1
 Armour: Leather armour    |    44 |    48 ||    92
  Dodge: Dodged            |    41 |    48 ||    89

Table legend: (Time is in decaauts)
 A = Elapsed time spent in this place.
 B = Non-inter-level travel time spent in this place.
 C = Inter-level travel time spent in this place.
 D = Time resting spent in this place.
 E = Time spent auto-exploring this place.
 F = Levels seen in this place.
 G = Mean time per level.
                   A        B        C        D        E       F      G
               +--------+--------+--------+--------+--------+-----+--------+
         Total |   1959 |   1934 |     25 |    126 |   1349 |   3 |  653.0 |
       Dungeon |   1959 |   1934 |     25 |    126 |   1349 |   3 |  653.0 |
               +--------+--------+--------+--------+--------+-----+--------+

Top non-repeatable levels by time:
     D:2: 983 daAuts
     D:1: 718 daAuts
     D:3: 257 daAuts
